woodfighter, chaotic female human Rogue ------------- |..{....%...| |...........| a |...........| ------ @ -------.....| |....-- # |.....| |.....| # |...%.| |....*| % -.-.--- ##......| # # # ---------- # |.....| # ### # --.........########### |..#..| ### # # ..........| ------- # ####### ### |.).......| ### --.--- # ##-.........| # |.>..| ## # |.........| ##.....| ---.--- ### |....<...-- |....| |.....| # ---------- |....| |.....-### ------ |.....| ------- woodfighter the Rogue Experience level: 6 Strength: 17 Dexterity: 19 Constitution: 11 Intelligence: 9 Wisdom: 10 Charisma: 10 Health: 0(40) Energy: 23(23) Def: 3 Gold: 120 Moves: 2357 Dungeon seed: 1NQDLb-AHRXQTPhB Game ID: woodfighter_1556770374 Your Inventory: Coins $ - 120 gold pieces Weapons a - a +0 short sword (weapon in hand) b - 8 +0 daggers named Dagger of Redress (in quiver) E - a +0 elven dagger Armor e - an uncursed +1 leather armor (being worn) Comestibles i - 3 uncursed eggs A - 2 uncursed tripe rations Potions o - an uncursed potion of monster detection Wands C - a wand of nothing (0:8) Tools s - an uncursed sack y - an uncursed lock pick W - an uncursed blindfold Gems n - an uncursed worthless piece of yellowish brown glass Contents of the sack: 1113 gold pieces a [uncursed] scroll of identify 2 [uncursed] scrolls of scare monster a [uncursed] scroll of scare monster a [blessed] scroll of teleportation a [uncursed] spellbook of sleep a [uncursed] potion of acid a [uncursed] potion of healing a [uncursed] potion of see invisible 2 uncursed potions of sickness a [uncursed] potion of speed a [cursed] ring of hunger a [cursed] ring of regeneration a wand of opening (0:3) Spells and supernatural/magical abilities: Name Level Category Fail Memory W - pray for help -- divine ? -- Your skills at the end: Miscellaneous Skills wands [Basic] Weapon Skills dagger [Basic] short sword [Basic] Spellcasting Skills Final Attributes: You were piously aligned. You were stealthy. You are dead. Vanquished creatures: a small mimic 2 leprechauns a dingo a fog cloud a violet fungus a kitten an iguana a centipede a jitterbug 10 killer bees a gas spore a hobbit 4 geckos 2 giant rats 7 manes 5 jackals a kobold 8 newts a goblin 2 grid bugs 5 lichens a kobold zombie 58 creatures vanquished. Voluntary challenges: You did not adorn yourself with jewelry or accessories. You did not cause conflict. You were not invisible. You did not have reflection. You were not displaced. You had been an atheist until turn 2064. You used a wielded weapon 70 times, starting on turn 22. You did not apply a unicorn horn. You did not use plumbed fixtures. You did not drink any magical draughts. You read items or engraved 1 time, starting on turn 1692. You never genocided any monsters. You never polymorphed an object. You never changed form. You used no wishes. You never split a pudding. You never wrote Elbereth's name. You never violated your personal moral code. Dungeon overview: The Dungeons of Doom: levels 1 to 7 Level 1 a fountain a long staircase Level 2 (water) a fountain Level 3 (water) a fountain stairs to The Gnomish Mines Level 4 a bookstore Level 5 a fountain Level 6 <- You were here a fountain, a sink Level 7 The Gnomish Mines: Level 4 stairs to The Dungeons of Doom History has recorded: On T:1 you entered the Dungeons of Doom to retrieve the Amulet of Yendor! On T:221 you reached level 2 of The Dungeons of Doom. On T:643 you reached level 3 of The Dungeons of Doom. On T:896 you advanced to experience level 2. On T:909 you reached level 4 of The Dungeons of Doom. On T:971 you reached level 1 of The Gnomish Mines. On T:1291 you advanced to experience level 3. On T:1419 you reached level 5 of The Dungeons of Doom. On T:1560 you advanced to experience level 4. On T:1749 you reached level 6 of The Dungeons of Doom. On T:2064 you prayed to Kos. On T:2231 you advanced to experience level 5. On T:2322 you reached level 7 of The Dungeons of Doom. On T:2323 you advanced to experience level 6. Score breakdown: Gold: 1233 ( 123 points) Experience: 6 levels ( 500 points) Exploration: 7 levels ( 180 points) Discoveries: 15 items ( 750 points) Variety of kills: 22 monsters ( 1100 points) Major goal: (nothing yet) ( 0 points) Survival: died (score multiplied by 3) Total score: 7959 Latest messages: You destroy the manes! (2x) $ - 120 gold pieces. A killer bee blocks your way. You kill the killer bee! You stop exploring. The killer bee misses. You kill the killer bee! The killer bee stings! You kill the killer bee! You stab the killer bee. The killer bee stings! The killer bee's sting was poisoned! The killer bee stings! You kill the killer bee! o - a sky blue potion. You see here a killer bee corpse. The killer bee stings! The killer bee's sting was poisoned! The killer bee misses. You feel more confident in your weapon skills. You kill the killer bee! A killer bee blocks your way. You kill the killer bee! (2x) The killer bee stings! The killer bee's sting was poisoned! You die... Final status: Goodbye woodfighter the Rogue, poisoned by a killer bee... You died in The Dungeons of Doom on dungeon level 6 with 7959 points, and 1233 pieces of gold, after 2357 moves. You were level 6 with a maximum of 40 hit points when you died.